 Dungeon Crawl Stone Soup version 0.26.1-10-gdfb7c7de75 (webtiles) character file.

Game seed: 6601439101401182931

120 Almogavar the Skirmisher (level 5, -4/47 HPs)
             Began as a Gnoll Wanderer on Apr 1, 2021.
             Killed by divine providence
             ... invoked by an orc priest
              (11 damage)
             ... on level 3 of the Dungeon.
             The game lasted 00:04:53 (1671 turns).

Almogavar the Skirmisher (Gnoll Wanderer)           Turns: 1671, Time: 00:04:54

Health: -4/47      AC:  6    Str: 14    XL:     5   Next: 4%
Magic:  0/6        EV: 11    Int: 13    God:
Gold:   131        SH:  0    Dex: 17    Spells: 6/6 levels left

rFire    . . .     SeeInvis .   a - +0 mace
rCold    . . .     Faith    .   (no shield)
rNeg     . . .     Spirit   +   b - +0 ring mail
rPois    .         Reflect  .   (no helmet)
rElec    .         Harm     .   (no cloak)
rCorr    .         Rampage  .   (no gloves)
Will     +....                  l - +0 pair of boots
Stlth    +.........             i - amulet of guardian spirit
HPRegen  0.15/turn              p - ring of willpower
MPRegen  0.10/turn              (no ring)

@: no status effects
A: distributed training, fangs 1, strong nose
a: no special abilities


You were on level 3 of the Dungeon.
You visited 1 branch of the dungeon, and saw 3 of its levels.

You collected 131 gold pieces.

Inventory:

Hand Weapons
 a - a +0 mace (weapon)
 m - a +0 club
Missiles
 f - 5 javelins
 j - 8 boomerangs (quivered)
Armour
 b - a +0 ring mail (worn)
 c - a +0 plate armour
 l - a +0 pair of boots (worn)
Jewellery
 i - an amulet of guardian spirit (around neck)
 p - a ring of willpower (left hand)
Scrolls
 h - 2 scrolls of fog {unknown}
 k - a scroll of teleportation {unknown}
 q - 2 scrolls of enchant armour {unknown}
 r - 3 scrolls of magic mapping {unknown}
Potions
 d - a potion of invisibility
 e - a potion of might
 g - 2 potions of flight {unknown}
 n - a potion of heal wounds {unknown}
 o - a potion of lignification {unknown}
 s - 2 potions of cancellation {unknown}


   Skills:
 + Level 6.6 Fighting
 + Level 1.3 Short Blades
 + Level 1.3 Long Blades
 + Level 1.3 Axes
 + Level 2.8 Maces & Flails
 + Level 1.3 Polearms
 + Level 1.3 Staves
 + Level 1.3 Slings
 + Level 1.3 Bows
 + Level 1.3 Crossbows
 + Level 2.8 Throwing
 + Level 2.8 Armour
 + Level 1.3 Dodging
 + Level 1.3 Stealth
 + Level 2.8 Shields
 + Level 1.3 Unarmed Combat
 + Level 1.3 Spellcasting
 + Level 3.9 Conjurations
 + Level 1.0 Hexes
 + Level 2.3 Summonings
 + Level 1.0 Necromancy
 + Level 1.0 Translocations
 + Level 1.0 Transmutations
 + Level 1.0 Fire Magic
 + Level 1.0 Ice Magic
 + Level 1.0 Air Magic
 + Level 1.0 Earth Magic
 + Level 1.0 Poison Magic
 + Level 1.4 Invocations
 + Level 1.3 Evocations


You had 6 spell levels left.
You didn't know any spells.
Your spell library contained the following spells:

 Spells                   Type           Power        Failure   Level
 Summon Small Mammal      Summ           24%          22%         1
 Call Imp                 Summ           6%           32%         2
 Freeze                   Ice            12%          34%         1
 Call Canine Familiar     Summ           6%           54%         3
 Summon Guardian Golem    Hex/Summ       5%           63%         3
 Frozen Ramparts          Ice            6%           71%         3
 Summon Ice Beast         Ice/Summ       5%           95%         4
 Summon Lightning Spire   Summ/Air       5%           95%         4


Dungeon Overview and Level Annotations

Branches:
Dungeon (3/15)

Altars:


Innate Abilities, Weirdness & Mutations

Your experience applies equally to all skills.
You have very sharp teeth.
Your uncanny sense of smell can sniff out nearby items.


Message History

The orc wizard closely misses you. The orc wizard casts a spell at you.
The puff of frost hits you.
You sock the orc wizard!
You bite the orc wizard, but do no damage.
The orc wizard is almost dead.
The orc wizard looks encouraged for a moment.
The orc priest calls upon Beogh to heal the orc wizard.
The orc wizard is healed somewhat.
The orc wizard hits you with a +0 dagger.
The orc priest invokes the aid of Beogh against you.
Beogh smites you!
* * * LOW HITPOINT WARNING * * *
The orc wizard closely misses you.
A hobgoblin comes into view. It is wielding a +0 club.
The orc wizard hits you but does no damage.
The orc wizard hits you but does no damage.
The orc priest invokes the aid of Beogh against you.
Beogh smites you!
You die...

## .. ### Z### #.. .[# #.# #.##
# #.# ###########.)##....
#########.###.@o..g..og........
#.....†.......##########...####
..#######.##### ...#
..#####.######### ...#
#................ ...#
#######.######### ...# #<# ...#
#.# ...# #.#


You could see an orc priest, an orc wizard (fast) and a hobgoblin.

Vanquished Creatures
  An orc priest (D:3)
  3 adders (D:2)
  An ooze (D:2)
  A worm (D:3)
  2 dart slugs
  An orc (D:3)
  A ball python (D:1)
  6 giant cockroaches
  6 hobgoblins
  4 jackals (D:1)
  A kobold (D:2)
  10 bats
  4 frilled lizards
  6 goblins
  4 rats
51 creatures vanquished.

Notes
Turn   | Place    | Note
-------+----------+-------------------------------------------
     0 | D:1      | Almogavar the Gnoll Wanderer began the quest for the Orb.
     0 | D:1      | Almogavar set off with the following items: a +0 mace, a +0
                  | robe; and the following spells available to memorise:
                  | Summon Small Mammal, Call Imp, Freeze, Call Canine
                  | Familiar, Summon Guardian Golem, Frozen Ramparts, Summon
                  | Ice Beast, Summon Lightning Spire
     0 | D:1      | Reached XP level 1. HP: 23/23 MP: 1/1
   118 | D:1      | Reached XP level 2. HP: 24/29 MP: 2/2
   416 | D:1      | Reached XP level 3. HP: 35/35 MP: 3/3
   738 | D:2      | Reached skill level 1 in Invocations
   748 | D:2      | Reached skill level 1 in Short Blades
   748 | D:2      | Reached skill level 1 in Long Blades
   748 | D:2      | Reached skill level 1 in Axes
   748 | D:2      | Reached skill level 1 in Polearms
   748 | D:2      | Reached skill level 1 in Staves
   748 | D:2      | Reached skill level 1 in Slings
   748 | D:2      | Reached skill level 1 in Bows
   748 | D:2      | Reached skill level 1 in Crossbows
   748 | D:2      | Reached skill level 1 in Dodging
   748 | D:2      | Reached skill level 1 in Stealth
   748 | D:2      | Reached skill level 1 in Unarmed Combat
   748 | D:2      | Reached skill level 1 in Spellcasting
   748 | D:2      | Reached skill level 1 in Evocations
   850 | D:2      | Reached XP level 4. HP: 34/41 MP: 3/5
  1627 | D:3      | Reached skill level 1 in Hexes
  1627 | D:3      | Reached skill level 1 in Necromancy
  1627 | D:3      | Reached skill level 1 in Translocations
  1627 | D:3      | Reached skill level 1 in Transmutations
  1627 | D:3      | Reached skill level 1 in Fire Magic
  1627 | D:3      | Reached skill level 1 in Ice Magic
  1627 | D:3      | Reached skill level 1 in Air Magic
  1627 | D:3      | Reached skill level 1 in Earth Magic
  1627 | D:3      | Reached skill level 1 in Poison Magic
  1658 | D:3      | Reached XP level 5. HP: 34/47 MP: 4/6
  1671 | D:3      | Killed from afar by an orc priest

Illustrated notes

Levels and vault maps discovered:
D:1:      lemuel_arrival_rhombus, layout_rooms
D:2:      layout_basic
D:3:      layout_rooms, uniq_sigmund

Skill      XL: |  1  2  3  4 |
---------------+-------------+-----
Summonings     | 2 |  2.3
Invocations    | 1 |  1.4
Short Blades   | 1 |  1.3
Long Blades    | 1 |  1.3
Axes           | 1 |  1.3
Polearms       | 1 |  1.3
Staves         | 1 |  1.3
Slings         | 1 |  1.3
Bows           | 1 |  1.3
Crossbows      | 1 |  1.3
Dodging        | 1 |  1.3
Stealth        | 1 |  1.3
Unarmed Combat | 1 |  1.3
Spellcasting   | 1 |  1.3
Evocations     | 1 |  1.3
Hexes          | 1 |  1.0
Necromancy     | 1 |  1.0
Translocations | 1 |  1.0
Transmutations | 1 |  1.0
Fire Magic     | 1 |  1.0
Ice Magic      | 1 |  1.0
Air Magic      | 1 |  1.0
Earth Magic    | 1 |  1.0
Poison Magic   | 1 |  1.0
Fighting       | |  6.6
Maces & Flails | |  2.8
Throwing       | |  2.8
Armour         | |  2.8
Shields        | |  2.8
Conjurations   | |  3.9

Action                   |  1- 3 |  4- 6 || total
-------------------------+-------+-------++-------
Melee: Mace              |   101 |    44 ||   145
       Bite              |     9 |     2 ||    11
       Punch             |       |     1 ||     1
Throw: Boomerang         |       |     1 ||     1
  Use: Scroll            |     1 |     1 ||     2
 Stab: Sleeping          |       |     2 ||     2
Armor: Ring mail         |    64 |    24 ||    88
Dodge: Dodged            |    80 |    33 ||   113
